AoeStats
← Kool Aid Kid

Arena

505774593Analyzed
2v2 RM · 21d ago on Sep 11, 2026· 51m 43s· 4 players
Game mode
Random Map
Map size
Medium (4 player)
Population
200
Speed
Normal
Resources
Standard
Victory
Conquest
Starting age
Dark Age
Ending age
Imperial Age
RankedLock teamsTeams togetherTeam positionsShared explorationLock speedFull tech treeHidden civsTurbo modeCheats
Victory
Defeat
🇺🇸 Mongols · United States
928
+16
🇺🇸 Bulgarians · United States
923
+17
🇺🇸 Franks · United States
1012
-20
🇻🇪 Celts · Venezuela
861
-18
Kool Aid Kid
10:03 Feudal Age
16:59 Castle Age
16:20 Forging
16:13 Scale Mail Armor
16:13 Horse Collar
16:19 Double-Bit Axe
20:59 Pikeman
22:37 Squires
22:24 Arson
27:38 Iron Casting
27:18 Chain Mail Armor
29:27 Squires
35:26 Scale Barding Armor
35:52 Gambesons
36:39 Bow Saw
36:32 Heavy Plow
39:09 Wheelbarrow
42:31 Imperial Age
41:44 Hand Cart
41:45 Caravan
43:09 Stone Mining
43:11 Gold Mining
44:35 Blast Furnace
45:24 Elite Konnik
48:25 Chemistry
48:12 Chain Barding Armor
50:45 Crop Rotation
50:39 Ballistics
51:47 Plate Barding Armor
reemsauce
10:19 Feudal Age
15:47 Castle Age
15:40 Double-Bit Axe
15:52 Gold Mining
16:03 Fletching
16:15 Padded Archer Armor
19:01 Bow Saw
24:31 Bloodlines
26:29 Thumb Ring
28:01 Husbandry
32:05 Imperial Age
30:23 Wheelbarrow
30:32 Ballistics
32:53 Heavy Cavalry Archer
34:01 Parthian Tactics
35:04 Leather Archer Armor
34:45 Bodkin Arrow
35:53 Chemistry
37:16 Elite Mangudai
39:21 Bracer
40:31 Forging
40:27 Scale Barding Armor
41:43 Hand Cart
42:21 Iron Casting
42:07 Chain Barding Armor
42:11 Elite Steppe Lancer
44:36 Blast Furnace
KOSTERK
9:52 Feudal Age
14:59 Castle Age
15:32 Forging
15:27 Scale Barding Armor
18:31 Scale Barding Armor
21:07 Iron Casting
21:44 Chain Barding Armor
25:25 Loom
25:52 Fletching
28:25 Bodkin Arrow
30:02 Squires
30:08 Padded Archer Armor
30:01 Double-Bit Axe
30:09 Gold Mining
30:10 Stone Mining
dougelslkoster
10:34 Feudal Age
8:50 Loom
13:18 Gold Mining
13:20 Stone Mining
16:18 Double-Bit Axe
16:19 Horse Collar
20:08 Castle Age
19:51 Arson
22:39 Gold Shaft Mining
23:44 Wheelbarrow
24:20 Bow Saw
26:58 Hand Cart
27:13 Hand Cart
27:25 Fletching
30:05 Stone Shaft Mining
30:52 Fortified Wall
30:22 Treadmill Crane
31:04 Ballistics
30:40 Murder Holes
31:20 Stronghold
31:14 Crossbowman
31:25 Pikeman
33:42 Heavy Plow
33:18 Elite Skirmisher
36:58 Masonry
36:55 Bodkin Arrow
37:12 Forging
45:19 Imperial Age
45:23 Iron Casting
44:49 Scale Mail Armor
44:50 Padded Archer Armor
46:58 Conscription
46:03 Elite Woad Raider
47:20 Hoardings
48:23 Chemistry
48:14 Elite Woad Raider
49:15 Conscription
49:06 Furor Celtica
48:49 Heavy Scorpion
50:57 Hoardings
51:23 Conscription
Connection lost

Rejoining the realm…

Still unreachable

The connection could not be restored.

Session expired

The server has moved on; the page needs a fresh start.